 Dungeon Crawl Stone Soup version 0.29-a0-459-g97dee8cd24 (webtiles) character file.

Game seed: 17594165777829545468

19 holysushi the Cutter (level 2, 24/24 HPs)
             Began as a Demonspawn Monk on May 21, 2022.
             Quit the game on level 1 of the Dungeon.
             The game lasted 00:01:55 (865 turns).

holysushi the Cutter (Demonspawn Monk)               Turns: 865, Time: 00:01:56

Health: 24/24      AC:  2    Str: 11    XL:     2   Next: 55%
Magic:  2/2        EV: 12    Int: 11    God:
Gold:   15         SH:  0    Dex: 15    Spells: 1/1 levels left

rFire   . . .      SeeInvis .   a - +0 short sword
rCold   . . .      Faith    .   (no shield)
rNeg    . . .      Spirit   .   b - +0 robe
rPois   .          Reflect  .   (no helmet)
rElec   .          Harm     .   (no cloak)
rCorr   .          Rampage  .   (no gloves)
Will    .....                   (no boots)
Stlth   ++........              (no amulet)
HPRegen 0.08/turn               (no ring)
MPRegen 0.08/turn               (no ring)

@: no status effects
A: demonic guardian 1
a: no special abilities


You were on level 1 of the Dungeon.
You visited 1 branch of the dungeon, and saw 1 of its levels.

You collected 15 gold pieces.

Inventory:

Hand Weapons
 a - a +0 short sword (weapon)
Armour
 b - a +0 robe (worn)
Scrolls
 d - a scroll of torment {unknown}
 f - a scroll of teleportation {unknown}
Potions
 c - a potion of ambrosia
 e - a potion of attraction {unknown}


   Skills:
 - Level 3.0 Fighting
 + Level 3.6 Short Blades
 - Level 2.6 Dodging
 - Level 1.7 Stealth


You had one spell level left.
You didn't know any spells.
Your spell library was empty.

Dungeon Overview and Level Annotations

Branches:
Dungeon (1/15)

Altars:


Innate Abilities, Weirdness & Mutations

A weak demonic guardian rushes to your aid.


Message History

The rat closely misses you.
You hit the rat.
The rat is moderately wounded.
The rat closely misses you.
You hit the rat.
The rat is severely wounded.
The rat bites you.
A rat is nearby!
A rat is nearby!
You hit the rat but do no damage.
The rat is severely wounded.
The rat bites you.
You hit the rat.
You kill the rat!
A kobold comes into view. It is wielding a +0 short sword.
A kobold is nearby!
A kobold is nearby!
A kobold is nearby!
The helpless kobold fails to defend itself.
You puncture the kobold!
You kill the kobold!
No target in view!
Things that are here:
a +0 short sword; 3 stones A frilled lizard comes into view.
A frilled lizard is nearby!
A frilled lizard is nearby!
A frilled lizard is nearby!
Found a stone staircase leading down.
The frilled lizard hisses angrily.
Found 7 gold pieces.
Found an escape hatch in the floor.
The frilled lizard closely misses you.
Unknown command.
You hit the frilled lizard.
You kill the frilled lizard!
No target in view!
Unknown command.
Okay, then.
Unknown command.
Are you sure you want to abandon this character and quit the game? (Confirm with "yes".)

########. #.>......
#........ #.....$..
#@....... ##
#..>.....
..#.#.####. #.#.#.#
#.#.#.# ...##...#.#
........#.######
...####.#......####
.. ####.#.........#


There were no monsters in sight!

Vanquished Creatures
  3 bats (D:1)
  An endoplasm (D:1)
  A giant cockroach (D:1)
  4 goblins (D:1)
  3 hobgoblins (D:1)
  A ball python (D:1)
  A frilled lizard (D:1)
  A kobold (D:1)
  3 rats (D:1)
18 creatures vanquished.

Notes
Turn   | Place    | Note
-------+----------+-------------------------------------------
     0 | D:1      | holysushi the Demonspawn Monk began the quest for the Orb.
     0 | D:1      | Reached XP level 1. HP: 18/18 MP: 1/1
   113 | D:1      | Gained mutation: A weak demonic guardian rushes to your
                  | aid. [demonic ancestry]
   113 | D:1      | Reached XP level 2. HP: 20/24 MP: 2/2
   647 | D:1      | Found a faded altar of an unknown god.
   865 | D:1      | Quit the game

Illustrated notes

Levels and vault maps discovered:
D:1:      scummos_arrival_simple_crosswalls, layout_basic,
          chequers_ecumenical_altar_island

Skill      XL: |  1 |
---------------+----+-----
Short Blades   | 3 |  3.6
Fighting       | |  3.0
Dodging        | |  2.6
Stealth        | |  1.7

Action                   || total
-------------------------++-------
Melee: Short sword       ||    49
       Punch             ||     1
 Stab: Sleeping          ||     1
Armor: Robe              ||    10
Dodge: Dodged            ||    24

Table legend: (Time is in decaauts)
 A = Elapsed time spent in this place.
 B = Non-inter-level travel time spent in this place.
 C = Inter-level travel time spent in this place.
 D = Time resting spent in this place.
 E = Time spent auto-exploring this place.
 F = Levels seen in this place.
 G = Mean time per level.
                   A        B        C        D        E       F      G
               +--------+--------+--------+--------+--------+-----+--------+
         Total |    862 |    862 |      0 |    299 |    425 |   1 |  862.0 |
       Dungeon |    862 |    862 |      0 |    299 |    425 |   1 |  862.0 |
               +--------+--------+--------+--------+--------+-----+--------+

Top non-repeatable levels by time:
     D:1: 862 daAuts
